[Event "81st Italian Championship 2022"]
[Site "Cagliari"]
[Date "2022.11.23"]
[Round "11.3"]
[White "Sonis, Francesco"]
[Black "Godena, Michele"]
[Result "1-0"]
[ECO "A08"]
[WhiteElo "2547"]
[BlackElo "2463"]
[Annotator "TA"]
[PlyCount "115"]
[EventDate "2022.11.12"]
[EventType "tourn"]
[EventCountry "ITA"]
[SourceTitle "playchess.com"]
[Source "ChessBase"]
[SourceQuality "1"]
[TimeControl "40/6000+30:20/3000:900+30"]

1. Nf3 d5 2. g3 c5 3. Bg2 Nf6 4. O-O Nbd7 5. d3 g6 6. Nbd2 {[%emt 0:03:36] A08: King's Indian Attack.} Bg7 7. e4 {[%emt 0:00:46] [#]} O-O $146 ({Predecessor:} 7... dxe4 8. dxe4 O-O 9. Qe2 Qc7 10. Nc4 e6 11. Bf4 Qd8 12. Rfd1 b5 13. Nd6 a6 14. Ne5 Nxe5 15. Bxe5 {1-0 (32) Verlinden,R (1950)-Tomme,L Geraardsbergen 2010}) 8. Re1 {[%emt 0:00:52] White has an edge.} Qc7 9. exd5 Nxd5 10. a3 N7b6 11. Qe2 Bd7 12. c4 Nf6 13. Nb3 (13. Qxe7 $2 Rfe8 14. Bf1 Rxe7 $19) (13. b4 $5 ) 13... Na4 14. Qc2 (14. Qxe7 $2 Rae8 15. Bf4 Qb6 $19) 14... Rfe8 15. Bf4 {[%emt 0:00:17] Inhibits e5.} Qb6 16. Be5 Ng4 (16... Qa6 $14 {might be stronger.}) 17. Bxg7 $16 Kxg7 18. Re2 (18. h3 $16 Nf6 19. Ne5) 18... Rad8 (18... f6 $14) 19. Rae1 Kf8 20. h3 {[%emt 0:04:48] Inhibits f6.} Nf6 21. Ne5 Qc7 22. Qd2 b5 23. Na5 {[%emt 0:04:28] Nac6 is the strong threat.} bxc4 24. dxc4 {[%emt 0:04:48] [#] Hoping for Nac6.} Kg7 25. Nb7 Bg4 26. Nxd8 {[%emt 0:01:08] Dancing on a razor blade.} Rxd8 27. Qc2 ({But not} 27. Nxg4 Rxd2 28. Rxd2 Nxg4 29. hxg4 Qa5 $14) 27... Bxe2 28. Rxe2 Nb6 29. Nc6 {[%emt 0:00:06] Prevents Rd4.} Rd7 30. b4 $36 {[%emt 0:00:23][%mdl 2048] White is on the roll.} Qd6 31. Kh2 {[%emt 0:02:03] White is much more active.} h5 {[%emt 0:02:00] [#]} ({Better is} 31... e6) 32. a4 $1 h4 (32... cxb4 $16 33. c5 b3 34. Qxb3 Qxc5) 33. a5 $18 Nc8 34. b5 hxg3+ (34... e6 $142 35. Qb3 Qc7) 35. fxg3 e6 36. Qc3 Ne7 37. Nxe7 Rxe7 38. Qe5 Qd8 (38... Qxe5 {is a better chance.} 39. Rxe5 Nd7) 39. g4 {[%emt 0:01:56] Strongly threatening g5.} ({Not} 39. Qxc5 Rc7 40. Bc6 Rc8 $18) 39... Qc7 40. b6 Qxe5+ 41. Rxe5 axb6 42. axb6 {[%emt 0:00:00][%mdl 4096] Endgame KRB-KRN} Re8 43. b7 Nd7 44. Bc6 Rb8 45. Bxd7 Rxb7 {[%emt 0:00:00] KRB-KR} 46. Bb5 Rc7 $2 (46... Kf6) 47. g5 Kf8 48. Kg3 Ke7 49. Kf4 Rc8 50. Re3 Rd8 51. Ra3 Rd4+ 52. Ke5 {[%emt 0:00:00] Threatening mate with Ra8.} Rd1 53. Ra7+ Kf8 54. Rd7 Rh1 55. Kd6 {[%emt 0:00:00] White mates.} Rxh3 56. Kxc5 Rh5 57. Kb6 Rxg5 58. c5 {[%emt 0:00:00] Weighted Error Value: White=0.13 (very precise) /Black=0.33} 1-0

[Event "81st Italian Championship 2022"]
[Site "Cagliari"]
[Date "2022.11.23"]
[Round "11.5"]
[White "Dvirnyy, Danyyil"]
[Black "Lettieri, Giuseppe"]
[Result "1/2-1/2"]
[WhiteElo "2514"]
[BlackElo "2427"]
[Annotator "TA"]
[PlyCount "18"]
[EventDate "2022.11.12"]
[EventType "tourn"]
[EventCountry "ITA"]
[SourceTitle "playchess.com"]
[Source "ChessBase"]
[SourceQuality "1"]
[TimeControl "40/6000+30:20/3000:900+30"]

1. e4 c5 2. Nf3 d6 3. d4 cxd4 4. Nxd4 Nf6 5. Nc3 a6 {[%emt 0:00:05] [#]} 6. Be3 $146 ({Predecessor:} 6. g3 e5 7. Nde2 Be7 8. Bg2 b5 9. Nd5 Nxd5 10. Qxd5 Ra7 11. Be3 Be6 12. Qd2 Rd7 13. Nc3 O-O 14. a4 Rb7 15. axb5 axb5 16. O-O Nd7 {1-0 (41) Duda,J (2731)-Sarana,A (2668) Chess.com INT 2022}) 6... Ng4 7. Bc1 Nf6 8. Be3 Ng4 {[%emt 0:00:07] 8...h5 is a critical line.} 9. Bc1 Nf6 1/2-1/2